 Dungeon Crawl Stone Soup version 0.28-a0-984-g3775c66 (webtiles) character file.

Game seed: 3485001988360291613

1750 Ayyar the Cleaver (level 9, -2/75 (78) HPs)
             Began as a Hill Orc Fighter on Dec 3, 2021.
             Succumbed to a wight's poison
             ... on level 7 of the Dungeon.
             The game lasted 00:27:41 (6136 turns).

Ayyar the Cleaver (Hill Orc Fighter)                Turns: 6136, Time: 00:27:41

HP:   -2/75 (78)    AC: 11    Str: 23    XL:     9   Next: 6%
MP:   10/10         EV: 10    Int:  8    God:
Gold: 193           SH:  6    Dex: 16    Spells: 8/8 levels left

rFire   . . .      SeeInvis .   a - +0 war axe
rCold   . . .      Faith    .   c - +0 buckler
rNeg    + . .      Spirit   .   b - +0 scale mail
rPois   .          Reflect  .   n - +0 helmet
rElec   .          Harm     .   i - +0 cloak
rCorr   .          Rampage  .   (no gloves)
Will    .....                   j - +0 pair of boots
Stlth   ..........              (no amulet)
HPRegen 0.22/turn               g - +6 ring of dexterity
MPRegen 0.12/turn               l - ring of positive energy

@: lethally poisoned (-2 -> -21), lightly drained
A: no striking features
a: no special abilities


You were on level 7 of the Dungeon.
You visited 2 branches of the dungeon, and saw 8 of its levels.

You collected 193 gold pieces.

Inventory:

Hand Weapons
 a - a +0 war axe (weapon)
 t - a +3 quarterstaff of chaos
 E - a +0 spear of flaming
Missiles
 o - a boomerang (quivered)
Armour
 b - a +0 scale mail (worn)
 c - a +0 buckler (worn)
 i - a +0 cloak (worn)
 j - a +0 pair of boots (worn)
 n - a +0 helmet (worn)
 p - a +0 plate armour
Jewellery
 g - a +6 ring of dexterity (left hand)
 k - a ring of fire
 l - a ring of positive energy (right hand)
 A - a +6 ring of dexterity
Wands
 s - a wand of flame (19)
Scrolls
 e - a scroll of brand weapon {unknown}
 f - a scroll of identify
 h - 2 scrolls of enchant armour {unknown}
 m - a scroll of vulnerability {unknown}
 r - a scroll of fog {unknown}
 v - a scroll of magic mapping {unknown}
 y - a scroll of silence {unknown}
 C - 2 scrolls of amnesia {unknown}
 D - a scroll of holy word {unknown}
Potions
 d - a potion of might
 q - 2 potions of berserk rage
 u - a potion of curing {unknown}
 w - a potion of ambrosia {unknown}
 x - 2 potions of heal wounds {unknown}
 z - a potion of flight {unknown}
 B - 2 potions of attraction {unknown}


   Skills:
 + Level 6.6 Fighting
 * Level 9.2 Axes
 - Level 2.0 Throwing
 + Level 6.1 Armour
 + Level 6.2 Shields
 - Level 2.0 Invocations
 - Level 2.0 Evocations


You had 8 spell levels left.
You didn't know any spells.
Your spell library contained the following spells:

 Spells                   Type           Power      Damage    Failure   Level
 Conjure Flame            Conj/Fire      0%         6-21      97%         3
 Gell's Gravitas          Tloc           0%         N/A       97%         3
 Ignite Poison            Fire/Tmut/Pois 0%         N/A       97%         3
 Lesser Beckoning         Tloc           0%         N/A       97%         3
 Summon Guardian Golem    Hex/Summ       0%         N/A       97%         3
 Teleport Other           Tloc           0%         N/A       97%         3
 Sticky Flame             Conj/Fire      0%         2d3       100%        4
 Orb of Destruction       Conj           0%         N/A       100%        7
 Spellforged Servitor     Conj/Summ      0%         N/A       100%        7


Dungeon Overview and Level Annotations

Branches:
Dungeon (7/15)             Temple (1/1) D:6

Altars:

Shops:
D:5 =

Portals:
Abyss: D:5

Annotations:
D:5 2 transporters, MattytheCrawler's ghost, weakling DsDe


Message History

The wight misses you. x2
You closely miss the wight.
The wight is moderately damaged.
The wight hits you but does no damage. x2
You hit the wight.
The wight is moderately damaged.
You block the wight's attack. The wight hits you but does no damage.
You hit the wight but do no damage.
The wight is moderately damaged.
The wight barely misses you.
The wight hits you with a +0 short sword.
You barely miss the wight.
The wight is moderately damaged.
The wight hits you from afar with a +1 halberd of venom!
You are poisoned.
You block the wight's attack.
The wight hits you from afar with a +1 halberd of venom!
You partially resist.
You feel drained.
You are more poisoned.
You hit the wight.
The wight is heavily damaged.
You feel extremely sick. The wight hits you but does no damage.
The wight closely misses you.
You feel very sick.
* * * LOW HITPOINT WARNING * * *
You feel very sick. The wight hits you but does no damage.
The wight hits you from afar with a +1 halberd of venom.
* * * LOW HITPOINT WARNING * * *
You are more poisoned.
Things that are here:
a +0 flail; a +0 robe
* * * LOW HITPOINT WARNING * * *
You feel extremely sick.
The wight hits you with a +0 short sword.
* * * LOW HITPOINT WARNING * * *
You partially resist.
You feel drained.
* * * LOW HITPOINT WARNING * * *
You feel very sick.
You die...

###. #.. #.#
#.####.######.
#.....z.......
######)#######
#z# #.# #@# #.#
###########
#.#####.........#
#.......#######.#
######### #.# #.#
#.# #.## #...


You could see 2 wights.

Vanquished Creatures
  Prince Ribbit (D:5)
  A water moccasin (D:6)
  A black bear (D:6)
  An ogre (D:6)
  2 necrophages (D:6)
  A centaur (D:5)
  A phantom (D:5)
  2 scorpions (D:5)
  A water moccasin skeleton (D:6)
  A wight (D:7)
  A howler monkey (D:5)
  A centaur zombie (D:5)
  A bullfrog zombie (D:5)
  2 jellies
  4 hounds
  A gnoll shaman (D:5)
  Crazy Yiuf (D:3)
  Terence (D:2)
  3 orc wizards
  2 hound zombies
  Robin (D:3)
  3 gnolls (D:5)
  4 adders
  3 shadow imps
  A white imp (D:4)
  2 ufetubi (D:4)
  An adder zombie (D:5)
  An adder skeleton (D:5)
  2 worms
  3 dart slugs (D:1)
  19 orcs
  9 ball pythons
  8 bats
  9 endoplasms
  3 giant cockroaches
  16 goblins
  13 hobgoblins
  4 jackals (D:2)
  5 quokkas
  5 frilled lizards
  5 kobolds
  6 rats
152 creatures vanquished.

Notes
Turn   | Place    | Note
-------+----------+-------------------------------------------
     0 | D:1      | Ayyar the Hill Orc Fighter began the quest for the Orb.
     0 | D:1      | Reached XP level 1. HP: 19/19 MP: 1/1
    65 | D:1      | Found a faded altar of an unknown god.
   100 | D:1      | Reached skill level 3 in Axes
   100 | D:1      | Reached XP level 2. HP: 27/27 MP: 2/2
   391 | D:1      | Reached XP level 3. HP: 33/33 MP: 3/3
   705 | D:2      | Reached XP level 4. HP: 33/40 MP: 4/4
   793 | D:2      | Noticed Terence
   801 | D:2      | Killed Terence
   802 | D:2      | Reached skill level 4 in Axes
  1343 | D:3      | Noticed Robin
  1409 | D:2      | Reached XP level 5. HP: 46/47 MP: 5/5
  1492 | D:3      | Killed Robin
  1609 | D:3      | Reached skill level 5 in Axes
  1893 | D:3      | Reached XP level 6. HP: 48/53 MP: 6/6
  2404 | D:3      | Found a runed translucent door.
  2405 | D:3      | Noticed Crazy Yiuf
  2499 | D:3      | Killed Crazy Yiuf
  2652 | D:4      | Reached skill level 5 in Fighting
  3044 | D:4      | Reached skill level 6 in Axes
  3275 | D:5      | Entered Level 5 of the Dungeon
  3308 | D:5      | Reached skill level 1 in Invocations
  3308 | D:5      | Reached XP level 7. HP: 46/61 MP: 7/7
  3323 | D:5      | Reached skill level 1 in Evocations
  3568 | D:5      | Found a one-way gate to the infinite horrors of the Abyss.
  3568 | D:5      | Found a transporter.
  3568 | D:5      | Noticed MattytheCrawler's ghost (weakling DsDe)
  3593 | D:5      | Reached skill level 5 in Armour
  3654 | D:5      | Reached skill level 5 in Shields
  3944 | D:5      | Reached skill level 7 in Axes
  4028 | D:5      | Found a transporter.
  4029 | D:5      | Noticed Prince Ribbit
  4041 | D:5      | Killed Prince Ribbit
  4042 | D:5      | Reached XP level 8. HP: 34/70 MP: 9/9
  4335 | D:5      | Found Ecuorph's Jewellery Boutique.
  5126 | D:6      | Reached skill level 8 in Axes
  5155 | D:6      | Found a staircase to the Ecumenical Temple.
  5163 | D:6      | Reached skill level 1 in Throwing
  5168 | Temple   | Entered the Ecumenical Temple
  5987 | D:6      | Reached skill level 9 in Axes
  5987 | D:6      | Reached XP level 9. HP: 78/78 MP: 10/10
  6135 | D:7      | HP: 3/75 [poisoned by a wight]
  6136 | D:7      | Succumbed to a wight's poison

Illustrated notes

Levels and vault maps discovered:
D:1:      mainiacjoe_arrival_reflecting_pool, layout_basic,
          hellmonk_ecumenical_altar_slurped_away
D:2:      layout_rooms, corner_web_ring, uniq_terence
D:3:      layout_basic, hangedman_decor_peaks_small, uniq_crazy_yiuf_cottage,
          uniq_robin
D:4:      layout_basic
D:5:      layout_layer_cave, gammafunk_ghost_abyssal_escape, serial_shops, shop,
          minmay_misc_feat_plants, roderic_lattice_a, wad_rectangle_vault,
          uniq_prince_ribbit1, uniq_blork_the_orc
D:6:      layout_loops_ring, minmay_temple_entry_drinking_statues
D:7:      layout_loops_ring, enter_bailey_2, grunt_decor_cap
Temple:   mainiacjoe_temple_trianglar_array

Skill      XL: |  1  2  3  4  5  6  7  8 |
---------------+-------------------------+-----
Axes           | 3 4 5 6 7 9 |  9.2
Fighting       | 4 5 6 |  6.6
Armour         | 4 5 6 |  6.1
Shields        | 4 5 6 |  6.2
Invocations    | 1 2 |  2.0
Evocations     | 2 |  2.0
Throwing       | 2 |  2.0

Action                   |  1- 3 |  4- 6 |  7- 9 || total
-------------------------+-------+-------+-------++-------
Melee: War axe           |    88 |   200 |   164 ||   452
Throw: Boomerang         |       |       |     5 ||     5
Evoke: Wand              |       |       |     5 ||     5
  Use: Scroll            |       |       |     1 ||     1
 Stab: Distracted        |     1 |       |       ||     1
Armor: Scale mail        |    46 |   108 |    79 ||   233
Dodge: Dodged            |    40 |   109 |    65 ||   214
Block: Buckler           |    22 |    69 |    49 ||   140

Table legend: (Time is in decaauts)
 A = Elapsed time spent in this place.
 B = Non-inter-level travel time spent in this place.
 C = Inter-level travel time spent in this place.
 D = Time resting spent in this place.
 E = Time spent auto-exploring this place.
 F = Levels seen in this place.
 G = Mean time per level.
                   A        B        C        D        E       F      G
               +--------+--------+--------+--------+--------+-----+--------+
         Total |   6244 |   5945 |    299 |    693 |   3873 |   8 |  780.5 |
       Dungeon |   6242 |   5943 |    299 |    693 |   3873 |   7 |  891.7 |
        Temple |      1 |      1 |      0 |      0 |      0 |   1 |    1.0 |
               +--------+--------+--------+--------+--------+-----+--------+

Top non-repeatable levels by time:
     D:5: 1863 daAuts
     D:3: 1095 daAuts
     D:6: 973 daAuts
     D:2: 802 daAuts
     D:4: 748 daAuts
     D:1: 713 daAuts
     D:7: 47 daAuts
  Temple: 1 daAuts
